 Dungeon Crawl Stone Soup version 0.27-a0-607-g1ad3dbde53 (webtiles) character file.

Game seed: 15801428066906199295

1386 Gaff the Grappler (level 8, -3/78 HPs)
             Began as a Troll Warper on Mar 13, 2021.
             Slain by an orc warrior
             ... wielding a +0 glaive
              (26 damage)
             ... on level 6 of the Dungeon.
             The game lasted 00:10:24 (3765 turns).

Gaff the Grappler (Troll Warper)                    Turns: 3765, Time: 00:10:25

Health: -3/78      AC:  4    Str: 22    XL:     8   Next: 40%
Magic:  8/8        EV: 10    Int:  9    God:
Gold:   260        SH:  0    Dex:  9    Spells: 7/9 levels left

rFire    . . .     SeeInvis .     - Unarmed
rCold    . . .     Faith    .   (no shield)
rNeg     . . .     Spirit   .   a - +0 robe
rPois    +         Reflect  .   (helmet restricted)
rElec    .         Harm     .   (no cloak)
rCorr    .         Rampage  .   (gloves unavailable)
Will     .....                  (boots unavailable)
Stlth    +.........             (no amulet)
HPRegen  1.23/turn              E - ring of poison resistance
MPRegen  0.11/turn              (no ring)

@: no status effects
A: large, unfitting armour, claws 3, regeneration 1, shaggy fur 1, tough skin 1
a: no special abilities


You were on level 6 of the Dungeon.
You visited 1 branch of the dungeon, and saw 6 of its levels.
You also visited: Ossuary.

You collected 260 gold pieces.

Inventory:

Hand Weapons
 k - a +1 dagger of holy wrath
 t - a +2 falchion of protection
 v - a +2 flail of holy wrath
Missiles
 d - 5 boomerangs of dispersal (quivered)
 j - 28 poisoned darts
 p - 11 boomerangs
 s - 5 curare-tipped darts
 F - a throwing net
Armour
 a - a +0 robe (worn)
 o - a +0 animal skin
Jewellery
 E - a ring of poison resistance (right claw)
Scrolls
 c - 2 scrolls of blinking
 f - 3 scrolls of magic mapping
 i - 3 scrolls of teleportation
 r - 2 scrolls of enchant weapon {unknown}
 u - a scroll of noise {unknown}
 y - a scroll of vulnerability {unknown}
 B - 2 scrolls of enchant armour {unknown}
 C - a scroll of fear {unknown}
 D - a scroll of random uselessness
 H - a scroll of fog
Potions
 b - 3 potions of curing
 e - a potion of might {unknown}
 g - 3 potions of flight {unknown}
 h - a potion of mutation {unknown}
 l - 3 potions of resistance {unknown}
 m - a potion of attraction {unknown}
 n - 2 potions of berserk rage {unknown}
 w - 2 potions of cancellation {unknown}
 x - a potion of lignification {unknown}
 z - a potion of magic {unknown}
 A - 4 potions of heal wounds {unknown}
 G - a potion of brilliance {unknown}


   Skills:
 + Level 4.0 Fighting
 - Level 0.8 Throwing
 + Level 4.1 Dodging
 * Level 8.4 Unarmed Combat
 - Level 1.2 Spellcasting
 - Level 2.1 Translocations


You had 7 spell levels left.
You knew the following spells:

 Your Spells              Type           Power      Damage    Failure   Level
a - Blink                 Tloc           N/A        N/A       22%         2

Your spell library contained the following spells:

 Spells                   Type           Power      Damage    Failure   Level
 Shock                    Conj/Air       0%         1d3       36%         1
 Gell's Gravitas          Tloc           2%         N/A       41%         3
 Lesser Beckoning         Tloc           2%         N/A       41%         3
 Teleport Other           Tloc           4%         N/A       41%         3
 Swiftness                Air            0%         N/A       50%         2
 Static Discharge         Conj/Air       0%         N/A       73%         3
 Manifold Assault         Tloc           4%         N/A       82%         4
 Airstrike                Air            0%         N/A       98%         4
 Lightning Bolt           Conj/Air       0%         1d11      100%        5


Dungeon Overview and Level Annotations

Branches:
Dungeon (6/15)             Temple (0/1) D:6         Ossuary (visited)

Altars:
Elyvilon
Beogh

Annotations:
D:3 3 runed translucent doors, martbhell's ghost, amateur MiBe
D:5 Pikel


Innate Abilities, Weirdness & Mutations

You are too large for most types of armour.
You have claws for hands.
Your natural rate of healing is unusually fast.
You are covered in fur. (AC +1)
You have tough skin. (AC +1)


Message History

Eustachio says, "My allies will avenge me."
Eustachio hits you with a +0 rapier.
You closely miss Eustachio. You claw Eustachio.
Eustachio is severely wounded.
Eustachio barely misses you.
You barely miss Eustachio.
Eustachio is severely wounded.
Eustachio closely misses you.
You claw Eustachio!
You kill Eustachio!
The iron imp disappears in a puff of smoke!
Your Fighting skill increases to level 4!
You barely miss the orc. The orc hits you with a +0 club.
You barely miss the orc.
An orc warrior comes into view. It is wielding a +0 glaive.
The orc closely misses you.
You barely miss the orc. The orc warrior closely misses you.
You closely miss the orc. The orc barely misses you.
You barely miss the orc. The orc closely misses you.
The orc warrior hits you from afar with a +0 glaive!
You closely miss the orc. The orc hits you with a +0 club.
You mangle the orc!!
You kill the orc!
The orc warrior hits you from afar with a +0 glaive!
* * * LOW HITPOINT WARNING * * *
You scratch the centaur.
The centaur is moderately wounded.
The centaur unwields a +0 shortbow.
The centaur barely misses you.
The orc warrior hits you from afar with a +0 glaive!
* * * LOW HITPOINT WARNING * * *
You scratch the centaur.
The centaur is heavily wounded.
The centaur hits you.
* * * LOW HITPOINT WARNING * * *
The centaur hits you.
* * * LOW HITPOINT WARNING * * *
You claw the centaur! You claw the centaur.
You kill the centaur!
The orc warrior hits you from afar with a +0 glaive!!
You die...

#...>oo. #.(.P.P
#....P ..c.# ##.#.#
##....# ####.ยง..##
.#. #.$..o####.....
.##.#.#..o)@...#
#........######...#
#.###...<# #
#....## ......##
#?..## ....# ####


You could see an orc warrior and an orc.

Vanquished Creatures
  A wraith (Ossuary)
  Eustachio (D:6)
  Menkaure (D:4)
  A phantom (D:5)
  A centaur (D:6)
  3 lemures
  A bullfrog (D:6)
  3 scorpions
  A howler monkey (D:4)
  A centaur zombie (D:3)
  A bullfrog skeleton (D:5)
  A hound (D:5)
  A gnoll shaman (D:4)
  2 centaur skeletons
  A jelly (D:5)
  An iguana (D:5)
  7 worker ants
  An orc wizard (D:4)
  A mummy (Ossuary)
  Robin (D:3)
  3 adders
  3 gnolls (D:4)
  A shadow imp (D:5)
  3 oozes
  5 worms
  An adder skeleton (D:4)
  5 leopard geckos
  24 orcs
  3 bats
  6 giant cockroaches
  7 goblins
  8 hobgoblins
  8 jackals
  2 quokkas
  2 ball pythons (D:2)
  3 frilled lizards
  3 gnoll skeletons (Ossuary)
  10 kobolds
  9 kobold skeletons (Ossuary)
  13 orc skeletons (Ossuary)
  A quokka zombie (D:5)
  8 rats
159 creatures vanquished.

Vanquished Creatures (others)
  2 plants (D:6)
2 creatures vanquished.

Grand Total: 161 creatures vanquished

Notes
Turn   | Place    | Note
-------+----------+-------------------------------------------
     0 | D:1      | Gaff the Troll Warper began the quest for the Orb.
     0 | D:1      | Reached XP level 1. HP: 19/19 MP: 1/1
   212 | D:1      | Reached XP level 2. HP: 28/28 MP: 2/2
   273 | D:1      | Reached skill level 3 in Unarmed Combat
   646 | D:1      | Reached XP level 3. HP: 34/35 MP: 3/3
  1160 | D:2      | Reached skill level 4 in Unarmed Combat
  1160 | D:2      | Reached XP level 4. HP: 42/42 MP: 4/4
  1464 | D:3      | Noticed Robin
  1499 | D:3      | Killed Robin
  1647 | D:3      | Reached skill level 5 in Unarmed Combat
  1671 | D:3      | Reached XP level 5. HP: 36/49 MP: 5/5
  1674 | D:3      | Learned a level 2 spell: Blink
  1983 | D:3      | Found a runed translucent gate.
  1983 | D:3      | Noticed martbhell's ghost (amateur MiBe)
  1984 | D:3      | Found a runed translucent gate.
  1984 | D:3      | Found a runed translucent gate.
  2025 | D:3      | Found a faded altar of an unknown god.
  2236 | D:4      | Reached XP level 6. HP: 38/57 MP: 6/6
  2246 | D:4      | Reached skill level 6 in Unarmed Combat
  2357 | D:4      | Found a sand-covered staircase.
  2390 | Ossuary  | Entered an ossuary
  2390 | Ossuary  | Noticed a wraith
  2390 | Ossuary  | Noticed a wraith
  2390 | Ossuary  | Noticed a wraith
  2661 | Ossuary  | Noticed a wraith
  2691 | Ossuary  | Killed a wraith
  2692 | Ossuary  | Reached XP level 7. HP: 59/66 MP: 7/7
  2759 | D:4      | Noticed Menkaure
  2782 | D:4      | Killed Menkaure
  2783 | D:4      | Reached skill level 7 in Unarmed Combat
  3307 | D:5      | Entered Level 5 of the Dungeon
  3411 | D:5      | Found a white marble altar of Elyvilon.
  3453 | D:5      | Reached XP level 8. HP: 75/75 MP: 8/8
  3609 | D:5      | Reached skill level 8 in Unarmed Combat
  3669 | D:5      | Noticed Pikel
  3733 | D:6      | Found a staircase to the Ecumenical Temple.
  3735 | D:6      | Noticed Eustachio
  3755 | D:6      | Killed Eustachio
  3765 | D:6      | Slain by an orc warrior

Illustrated notes

Levels and vault maps discovered:
D:1:      minmay_arrival_checkered_box, layout_loops_corners
D:2:      layout_basic
D:3:      layout_loops_ring, biasface_ghost_orc_armoury,
          chequers_ecumenical_altar_simple, uniq_robin
D:4:      layout_loops_ring, chequers_ossuary_entry_cave, uniq_menkaure
D:5:      layout_rooms, elyvilon_altar_1, uniq_pikel
D:6:      minmay_evil_eye, layout_rooms, palyth_temple_overflow_mages,
          chequers_temple_overflow_minitemple, minmay_temple_entry_overgrown,
          serial_rivers, chequers_serial_rivers_micro_b,
          chequers_serial_rivers_micro_b, chequers_serial_rivers_room_a,
          chequers_serial_rivers_micro_d, chequers_serial_rivers_small_3,
          kennysheep_another_room, minmay_a_box_with_orc_wizards_in_it,
          uniq_blork_the_orc, uniq_eustachio

Skill      XL: |  1  2  3  4  5  6  7  8 |
---------------+-------------------------+-----
Dodging        | 2 3 4 |  4.1
Unarmed Combat | 3 4 5 6 7 8 |  8.4
Fighting       | 2 3 4 |  4.0
Throwing       | |  0.8
Spellcasting   | |  1.2
Translocations | |  2.1

Action                   |  1- 3 |  4- 6 |  7- 9 || total
-------------------------+-------+-------+-------++-------
Melee: Unarmed           |    74 |   229 |   127 ||   430
       Punch             |     1 |     9 |     5 ||    15
 Cast: Blink             |       |       |     1 ||     1
  Use: Scroll            |       |     2 |     2 ||     4
       Potion            |       |       |     1 ||     1
 Stab: Sleeping          |     1 |     1 |       ||     2
Armor: Robe              |    19 |    42 |    19 ||    80
Dodge: Dodged            |    31 |    96 |    53 ||   180

Table legend: (Time is in decaauts)
 A = Elapsed time spent in this place.
 B = Non-inter-level travel time spent in this place.
 C = Inter-level travel time spent in this place.
 D = Time resting spent in this place.
 E = Time spent auto-exploring this place.
 F = Levels seen in this place.
 G = Mean time per level.
                   A        B        C        D        E       F      G
               +--------+--------+--------+--------+--------+-----+--------+
         Total |   3720 |   3641 |     79 |    167 |   2272 |   7 |  531.4 |
       Dungeon |   3396 |   3317 |     79 |     67 |   2272 |   6 |  566.0 |
       Ossuary |    324 |    324 |      0 |    100 |      0 |   1 |  324.0 |
               +--------+--------+--------+--------+--------+-----+--------+

Top non-repeatable levels by time:
     D:1: 892 daAuts
     D:4: 832 daAuts
     D:3: 747 daAuts
     D:2: 534 daAuts
     D:5: 338 daAuts
 Ossuary: 324 daAuts
     D:6: 50 daAuts
